 Dungeon Crawl Stone Soup version 0.23.2-33-g5129a83184 (webtiles) character file.

Game seed: 183225630719152659

7794 Ceapi the Cleaver (level 11, -8/102 HPs)
             Began as a Hill Orc Berserker on July 16, 2019.
             Was an Elder of Trog.
             Mangled by a yak (14 damage)
             ... on level 2 of the Lair of Beasts.
             The game lasted 00:29:26 (9760 turns).

Ceapi the Cleaver (Hill Orc Berserker)              Turns: 9760, Time: 00:29:27

Health: -8/102     AC: 10    Str: 24    XL:     11   Next: 20%
Magic:  11/11      EV: 11    Int:  7    God:    Trog [****..]
Gold:   357        SH:  4    Dex: 10    Spells: 10/10 levels left

rFire    + . .     SeeInvis .   o - +2 hand axe (flame)
rCold    x . .     Gourm    .   r - +0 buckler
rNeg     . . .     Faith    .   y - +1 ring mail {rPois}
rPois    +         Spirit   .   (no helmet)
rElec    .         Reflect  .   g - +1 cloak
rCorr    .         Harm     .   (no gloves)
MR       ++...                  (no boots)
Stlth    ..........             J - amulet of rage
HPRegen  1.27/turn              q - ring of fire
MPRegen  0.12/turn              p - +3 ring of slaying

@: berserk cooldown, regenerating, slowed, very slow
A: no striking features
a: Berserk, Trog's Hand, Brothers in Arms, Renounce Religion, Evoke Berserk Rage


You were on level 2 of the Lair of Beasts.
You worshipped Trog.
Trog was greatly pleased with you.
You were not hungry.

You visited 2 branches of the dungeon, and saw 10 of its levels.

You collected 519 gold pieces.
You spent 162 gold pieces at shops.

Inventory:

Hand Weapons
 o - a +2 hand axe of flaming (weapon)
 H - a +0 hand axe of electrocution
Armour
 g - a +1 cloak (worn)
 r - a +0 buckler (worn)
 y - a +1 ring mail of poison resistance (worn)
 K - a +0 pair of gloves
Jewellery
 p - a +3 ring of slaying (right hand)
 q - a ring of fire (left hand)
 t - an uncursed ring of stealth
 J - an amulet of rage (around neck)
Wands
 z - a wand of paralysis (6)
 A - a wand of iceblast (8)
 B - a wand of disintegration (18)
 C - a wand of random effects (11)
 E - a wand of clouds (11)
 I - a wand of polymorph (12)
Scrolls
 a - 2 scrolls of amnesia {unknown}
 d - 6 scrolls of teleportation
 h - a scroll of noise {unknown}
 i - a scroll of fog {unknown}
 k - a scroll of enchant weapon {unknown}
 l - a scroll of magic mapping {unknown}
 m - 8 scrolls of identify
 v - 5 scrolls of remove curse {unknown}
 w - a scroll of immolation {unknown}
 x - a scroll of blinking {unknown}
 F - a scroll of fear {unknown}
Potions
 b - 3 potions of heal wounds {unknown}
 e - 4 potions of haste {unknown}
 f - 2 potions of brilliance
 j - 3 potions of mutation {unknown}
 n - 2 potions of ambrosia {unknown}
 s - 2 potions of experience {unknown}
 u - 2 potions of curing {unknown}
 D - a potion of lignification {unknown}
 G - 2 potions of flight {unknown}
Comestibles
 c - 16 rations


   Skills:
 + Level 11.0 Fighting
 - Level 14.0 Axes
 + Level 9.9 Armour
 - Level 1.5 Dodging
 - Level 4.2 Shields


You had 10 spell levels left.
You didn't know any spells.
Your spell library was empty.

Dungeon Overview and Level Annotations

Branches:
Dungeon (8/15)             Temple (0/1) D:4            Lair (2/6) D:8
  Swamp: Lair:2-4    Shoals: Lair:2-4     Snake: Lair:2-4    Spider: Lair:2-4

Altars:
Ashenzari
Elyvilon
Gozag
Qazlal
Ru
Xom
The Shining One

Shops:
D:7 (


Message History

You hit the yak. You burn the yak.
The yak is severely wounded.
You miss the blink frog.
The blink frog hits you but does no damage.
A hippogriff comes into view.
The yak gores you!
* * * LOW HITPOINT WARNING * * *
The blink frog hits you!
* * * LOW HITPOINT WARNING * * *
The blink frog blinks!
Your skin crawls.
You feel resistant to hostile enchantments.
You feel somewhat more hungry. You block the blink frog's attack.
The yak gores you!
* * * LOW HITPOINT WARNING * * *
The blink frog hits you.
* * * LOW HITPOINT WARNING * * *
The blink frog blinks!
The yak gores you!
You die...

#### ........#
#.......# #.......##
## #........# #.## .
#........####.#.#...
#............†......
##..........@YF......
#....(.....###H#.....
#P........## ## ...
#P........## .
###P..#....# #.
#####....# ##.#.
#....P##..#...
##............
##............


You could see a hippogriff, a yak and a blink frog.

Vanquished Creatures
  The ghost of oldnick the Conjurer, a novice NaWz (D:6)
  2 spiny frogs
  2 komodo dragons (Lair:1)
  3 blink frogs (Lair:2)
  3 hippogriffs
  A spriggan (D:7)
  15 yaks
  A water moccasin (Lair:1)
  Duvessa (D:5)
  3 porcupines (Lair:1)
  Purgy (D:3)
  4 sky beasts
  3 phantoms
  4 ogres
  A centaur (D:7)
  4 wolves (Lair:2)
  A crocodile (Lair:2)
  A bullfrog (Lair:1)
  A wyvern skeleton (D:4)
  Dowan (D:5)
  An electric eel (Lair:1)
  A crimson imp (D:6)
  2 bullfrog zombies
  2 jellies
  Crazy Yiuf (D:5)
  An orc priest (D:3)
  A centaur skeleton (D:4)
  An orc wizard (D:6)
  Natasha (twice) (D:3)
  2 iguanas
  3 worker ants
  13 adders
  4 shadow imps
  An ooze (D:3)
  4 worms
  3 dart slugs (D:1)
  7 leopard geckos
  12 orcs
  7 giant cockroaches
  11 goblins
  9 hobgoblins
  9 jackals
  3 quokkas
  2 ball pythons
  13 bats
  6 frilled lizards
  7 kobolds
  6 rats
  A plant (D:3)
188 creatures vanquished.

Notes
Turn   | Place    | Note
-------+----------+-------------------------------------------
     0 | D:1      | Ceapi the Hill Orc Berserker began the quest for the Orb.
     0 | D:1      | Reached XP level 1. HP: 19/19 MP: 1/1
     0 | D:1      | Noticed a minotaur skeleton
    12 | D:1      | Noticed a minotaur skeleton
   171 | D:1      | Reached XP level 2. HP: 20/27 MP: 2/2
   364 | D:1      | Reached skill level 5 in Axes
   409 | D:1      | Reached ** piety under Trog
   409 | D:1      | Reached XP level 3. HP: 25/33 MP: 3/3
  1323 | D:2      | Reached skill level 6 in Axes
  1342 | D:2      | Found a sacrificial altar of Ru.
  1346 | D:2      | Found a stormy altar of Qazlal.
  1360 | D:2      | Reached XP level 4. HP: 40/40 MP: 4/4
  1624 | D:2      | Found a faded altar of an unknown god.
  1828 | D:2      | Found an opulent altar of Gozag.
  1992 | D:2      | Reached skill level 7 in Axes
  2263 | D:3      | Reached XP level 5. HP: 41/46 MP: 5/5
  2679 | D:3      | Noticed Natasha
  2685 | D:3      | Killed Natasha
  2685 | D:3      | Reached *** piety under Trog
  2749 | D:3      | Reached skill level 8 in Axes
  2820 | D:3      | Noticed Natasha
  2837 | D:3      | Killed Natasha
  2837 | D:3      | Reached XP level 6. HP: 52/52 MP: 6/6
  3014 | D:3      | Found a glowing golden altar of the Shining One.
  3149 | D:3      | Noticed Purgy
  3157 | D:3      | Killed Purgy
  3157 | D:3      | Reached skill level 9 in Axes
  3445 | D:4      | Found a white marble altar of Elyvilon.
  3476 | D:4      | Found a staircase to the Ecumenical Temple.
  3648 | D:4      | Reached skill level 1 in Shields
  3810 | D:4      | Reached XP level 7. HP: 53/58 MP: 7/7
  3982 | D:4      | Reached skill level 10 in Axes
  4164 | D:5      | Entered Level 5 of the Dungeon
  4431 | D:5      | Reached **** piety under Trog
  4620 | D:5      | Reached XP level 8. HP: 66/66 MP: 8/8
  4656 | D:5      | Found a shimmering altar of Xom.
  4812 | D:5      | Reached skill level 11 in Axes
  5002 | D:5      | Noticed Duvessa
  5002 | D:5      | Noticed Dowan
  5012 | D:5      | Killed Dowan
  5016 | D:5      | Killed Duvessa
  5392 | D:5      | Found a runed translucent door.
  5393 | D:5      | Noticed Crazy Yiuf
  5703 | D:5      | Killed Crazy Yiuf
  5763 | D:6      | Found a shattered altar of Ashenzari.
  5950 | D:6      | Reached skill level 12 in Axes
  6064 | D:6      | Found a runed translucent gate.
  6096 | D:6      | Found a runed translucent gate.
  6099 | D:6      | Found a runed translucent gate.
  6107 | D:6      | Noticed oldnick's ghost (novice NaWz)
  6132 | D:6      | Killed oldnick's ghost
  6132 | D:6      | Reached skill level 13 in Axes
  6132 | D:6      | Reached XP level 9. HP: 66/71 MP: 9/9
  6218 | D:6      | Reached skill level 14 in Axes
  6991 | D:7      | Reached skill level 5 in Fighting
  7256 | D:7      | Found Botucsec's Antique Weapon Boutique.
  7265 | D:7      | Bought a runed hand axe for 162 gold pieces
  7706 | D:8      | Found a staircase to the Lair.
  7740 | Lair:1   | Entered Level 1 of the Lair of Beasts
  7754 | Lair:1   | Noticed a komodo dragon
  7770 | Lair:1   | Reached skill level 5 in Armour
  7770 | Lair:1   | Killed a komodo dragon
  7959 | Lair:1   | Reached XP level 10. HP: 74/86 MP: 10/10
  8183 | Lair:1   | Noticed a spiny frog
  8196 | Lair:1   | Killed a spiny frog
  8271 | Lair:1   | Found a gate leading to a gauntlet.
  9349 | Lair:2   | Noticed a spiny frog
  9363 | Lair:2   | Killed a spiny frog
  9372 | Lair:2   | Reached skill level 10 in Fighting
  9744 | Lair:2   | Reached XP level 11. HP: 69/101 MP: 11/11
  9759 | Lair:2   | HP: 4/102 [blink frog (3)]
  9760 | Lair:2   | Mangled by a yak

Skill      XL: |  1  2  3  4  5  6  7  8  9 10 11 |
---------------+----------------------------------+-----
Axes           | 5 6 7 8 9 10 13 14 | 14.0
Shields        | 1 4 |  4.2
Fighting       | 7 10 11 | 11.0
Armour         | 6 9 |  9.9
Dodging        | |  1.5

Action                   |  1- 3 |  4- 6 |  7- 9 | 10-12 || total
-------------------------+-------+-------+-------+-------++-------
Melee: Hand axe          |   110 |   210 |   196 |    98 ||   614
       War axe           |       |    11 |       |       ||    11
Invok: Berserk           |       |     2 |     1 |     2 ||     5
       Trog's Hand       |       |       |       |     2 ||     2
  Use: Scroll            |       |     1 |     4 |     1 ||     6
 Stab: Sleeping          |     1 |       |       |       ||     1
  Eat: Chunk             |     1 |    10 |     9 |     3 ||    23
       Ration            |       |       |     2 |     1 ||     3
Armor: Animal skin       |    12 |       |       |       ||    12
       Ring mail         |    14 |    56 |    36 |    25 ||   131
Dodge: Dodged            |    79 |   101 |    63 |    29 ||   272
Block: Buckler           |       |     5 |    18 |    16 ||    39
